Map: Cradle of Death

Players

ShadowHybrid

  • Race: Zerg Zerg
  • Spawn Location: 0:00

NamroodTuo

  • Race: Terran Terran
  • Spawn Location: 0:00

VOD

Have the link to the VOD?

Description

Time

  • Played on: April 4, 2023, 11:22 a.m.
  • Length: 25:24
Show
View Real Time Build Order
Export as new Build Order

ShadowHybrid Zerg 

Build Orders:  

Get SALT Encoding   

  12  0:03  Drone  
  13  0:11  Unknown  
  13  0:15  Extractor  
  12  0:22  Drone  
  12  0:23  Drone  
  14  0:34  Extractor  
  13  0:49  Drone  
  14  0:51  Overlord  
  14  1:15  Drone, Spawning Pool  
  14  1:36  Overlord  
  14  2:00  Drone  
  14  2:04  Drone x2  
  14  2:05  Drone  
  18  2:31  Zergling x2  
  19  2:40  Zergling x2  
  20  2:52  Lair  
  20  2:53  Zergling x2  
  21  3:12  Zergling x2  
  22  3:31  Zergling x2  
  22  3:36  Metabolic Boost  
  23  3:46  Zergling x2  
  24  3:53  Zergling x2  
  25  4:08  Zergling x2  
  25  6:15  Drone x2  
  25  6:16  Drone x2  
  29  6:21  Overlord  
  29  6:22  Overlord  
  29  6:37  Unknown  
  29  6:46  Spine Crawler  
  28  6:53  Spine Crawler  
  28  6:57  Spine Crawler  
  28  6:58  Spore Crawler  
  24  7:20  Zergling x6  
  24  7:21  Zergling x2  
  21  8:42  Zergling x4  
  21  8:43  Zergling x6  
  18  10:16  Zergling x12  
  24  10:48  Zergling x4  
  26  10:54  Hive  
  26  11:13  Unknown  
  21  11:41  Zergling x6  
  23  12:21  Zergling x6  
  20  14:12  Zergling x2  
  20  14:13  Zergling x10  
  26  14:33  Drone  
  27  14:42  Spine Crawler  
  27  14:45  Spine Crawler  
  27  14:49  Spine Crawler  
  24  14:50  Spore Crawler  
  24  14:51  Drone, Spore Crawler  
  92  15:10  Zergling x2  
  23  15:12  Adrenal Overload  
  23  15:19  Zergling x2  
  25  15:29  Hydralisk Den  
  24  16:14  Hydralisk x2  
  24  16:15  Hydralisk x2  
  32  17:08  Hydralisk x3  
  34  17:31  Zergling x4  
  28  18:52  Hydralisk, Zergling x2  
  28  18:53  Hydralisk, Zergling x2  
  28  18:54  Zergling x2  
  18  19:57  Zergling x8  
  18  20:21  Zergling x4  
  20  20:38  Unknown  
  20  20:46  Zergling x4  
  22  21:02  Zergling x2  
  23  21:29  Zergling x4  
  25  22:07  Hydralisk x2  
  14  23:44  Zergling x6  
  14  23:45  Zergling x4  
  14  23:46  Zergling x2  
Show
View Real Time Build Order
Export as new Build Order

NamroodTuo Terran 

Build Orders:  

Get SALT Encoding   

  12  0:07  SCV  
  13  0:13  Unknown  
  13  0:25  SCV  
  14  0:33  Barracks  
  14  0:42  SCV  
  15  0:59  SCV  
  16  1:07  Refinery  
  16  1:11  Refinery  
  16  1:16  SCV  
  17  1:33  SCV  
  18  1:50  SCV  
  18  1:53  Barracks Tech Lab  
  19  2:02  Engineering Bay  
  19  2:07  SCV  
  20  2:24  SCV  
  20  2:27  Railgun Turret  
  21  2:41  SCV  
  22  2:58  SCV  
  23  3:12  Laser Targeting System  
  23  3:15  SCV  
  24  3:27  Terran Infantry Weapons Level 1  
  24  3:32  SCV  
  25  3:40  Missile Turret  
  25  3:49  SCV  
  26  4:05  SCV  
  27  4:12  Suppression Shells  
  27  4:22  SCV  
  28  5:31  Hellbat Rangers  
  28  5:37  Elite Marine  
  35  6:07  Terran Infantry Armor Level 1  
  35  6:15  Missile Turret  
  35  6:24  SCV  
  36  6:39  Unknown  
  36  6:44  Railgun Turret  
  36  6:52  Factory, EMP Round  
  36  7:11  Railgun Turret  
  36  8:47  Structure Armor  
  36  9:07  Spec Ops Ghost  
  36  9:09  Hellbat Rangers  
  44  9:56  Starport, Factory Tech Lab  
  44  10:04  Ghost Visor  
  44  10:16  Armory  
  44  10:20  Missile Turret  
  44  10:49  Railgun Turret  
  44  11:10  Unknown  
  44  11:27  Elite Marine  
  48  12:35  Spec Ops Ghost  
  50  13:51  Hellbat Rangers  
  54  14:04  Unknown  
  53  14:46  Terran Infantry Armor Level 2  
  52  14:52  Starport Tech Lab  
  52  15:02  Spider Mines  
  52  15:12  SCV  
  53  15:57  Elite Marine  
  54  17:34  Hellbat Rangers  
  54  17:36  Spec Ops Ghost  
  62  17:56  Terran Infantry Weapons Level 2  
  62  18:56  Elite Marine  
  66  19:43  Spec Ops Ghost  
  70  20:41  Unknown  
  70  20:54  Advanced Cloaking Field  
  70  21:06  Terran Infantry Armor Level 3  
  70  21:50  Hellbat Rangers  
  74  22:07  Griffin Airstrike  
  74  23:20  Griffin Airstrike  
  74  24:10  Elite Marine  
Tags
 
Commander
KerriganNova
Matchup
Co-op
Replay Pack
Multiplayer
Add a new tag
Caveats
  • Supply blocks, unpowered buildings, or Contaminate may cause inaccurate times.
  • Supply counts are checked every 10 seconds.